 Dungeon Crawl Stone Soup version 0.29-a0-857-g9b1aa3ac5b (webtiles) character file.

Game seed: 7786811531037153854

11576 concernfroge the Cruncher (level 11, -5/90 HPs)
             Began as a Mummy Monk on July 17, 2022.
             Was a High Priest of Lugonu.
             Slain by a wolf spider (6 damage)
             ... on level 11 of the Dungeon.
             The game lasted 00:39:39 (11792 turns).

concernfroge the Cruncher (Mummy Monk)             Turns: 11792, Time: 00:39:40

Health: -5/90      AC: 12    Str: 24    XL:     11   Next: 51%
Magic:  20/20      EV:  9    Int: 10    God:    Lugonu [*****.]
Gold:   1025       SH:  5    Dex: 17    Spells: 10/10 levels left

rFire   x . .      SeeInvis .   a - +3 lajatang (vamp)
rCold   + . .      Faith    .   (shield currently unavailable)
rNeg    + + +      Spirit   .   h - +3 chain mail {Will+}
rPois   ∞          Reflect  +   (no helmet)
rElec   .          Harm     .   (no cloak)
rCorr   .          Rampage  .   (no gloves)
Will    ++...                   i - +0 pair of boots
Stlth   ..........              k - amulet of reflection
HPRegen 0.25/turn               e - +6 ring of strength
MPRegen 0.17/turn               q - ring "Wiawo" {MP+9 Dex+2 Slay+2}

@: no status effects
A: cold resistance 1, negative energy resistance 3, torment resistance 2, heat
vulnerability 1, in touch with death 1, no potions
a: Renounce Religion, Depart the Abyss, Bend Space, Banish, Corrupt, Enter the
Abyss


You were on level 11 of the Dungeon.
You worshipped Lugonu.
Lugonu was extremely pleased with you.
You visited 2 branches of the dungeon, and saw 12 of its levels.
You also visited: Sewer.

You collected 1460 gold pieces.
You spent 435 gold pieces at shops.

Inventory:

Hand Weapons
 a - a +3 vampiric lajatang (weapon)
 b - a +2 arbalest of freezing
 f - the +2 trident "Rinwes" {freeze, Stlth+}
   (You found it on level 2 of the Dungeon)

   It freezes those it strikes, dealing additional cold damage.
   It can also slow down cold-blooded creatures.
   Stlth:     It makes you more stealthy.
Missiles
 p - 3 silver boomerangs
 r - a throwing net
Armour
 h - a +3 chain mail of willpower (worn)
 i - a +0 pair of boots (worn)
Jewellery
 e - a +6 ring of strength (left hand)
 k - an amulet of reflection (around neck)
 o - a +4 ring of evasion
 q - the ring "Wiawo" (right hand) {MP+9 Dex+2 Slay+2}
   (You bought it in a shop on level 4 of the Dungeon)

   [ring of magical power]

   Dex:       It affects your dexterity (+2).
   Slay:      It affects your accuracy & damage with ranged weapons and melee
   (+2).
   MP:        It affects your magic capacity (+9).
Wands
 l - a wand of polymorph (10)
 m - a wand of flame (8)
 n - a wand of quicksilver (23) (quivered)
 s - a wand of charming (16)
 v - a wand of mindburst (4)
Scrolls
 c - 4 scrolls of identify
 d - 2 scrolls of noise
 j - a scroll of amnesia


   Skills:
 - Level 10.0 Fighting
 - Level 4.9(9.5) Polearms
 + Level 12.6(13.0) Staves
 - Level 2.4 Dodging
 - Level 1.5 Stealth


You had 10 spell levels left.
You didn't know any spells.
Your spell library contained the following spells:

 Spells                   Type           Power      Damage    Failure   Level
 Magic Dart               Conj           0%         1d3       97%         1
 Sandblast                Erth           0%         2d4       97%         1
 Slow                     Hex            0%         N/A       97%         1
 Passwall                 Tmut/Erth      0%         N/A       99%         2
 Scorch                   Fire           0%         2d5       99%         2
 Searing Ray              Conj           0%         2d4       99%         2
 Confusing Touch          Hex            0%         N/A       100%        3
 Gell's Gravitas          Tloc           0%         N/A       100%        3
 Lesser Beckoning         Tloc           0%         N/A       100%        3
 Ozocubu's Armour         Ice            0%         N/A       100%        3
 Stone Arrow              Conj/Erth      0%         3d7       100%        3
 Teleport Other           Tloc           0%         N/A       100%        3
 Vampiric Draining        Necr           0%         2d6       100%        3
 Flame Wave               Conj/Fire      0%         2d4       100%        4
 Fulminant Prism          Conj/Hex       0%         3d6       100%        4
 Passage of Golubria      Tloc           0%         N/A       100%        4
 Silence                  Hex/Air        0%         N/A       100%        5
 Summon Forest            Summ/Tloc      0%         N/A       100%        5
 Eringya's Noxious Bog    Tmut/Pois      0%         N/A       100%        6
 Summon Cactus Giant      Summ           0%         N/A       100%        6
 Ozocubu's Refrigeration  Ice            0%         4d5       100%        7
 Summon Hydra             Summ           0%         N/A       100%        7
 Lehudib's Crystal Spear  Conj/Erth      0%         10d2      100%        8


Dungeon Overview and Level Annotations

Branches:
Dungeon (11/15)            Temple (1/1) D:6             Orc (0/2) D:10
  Sewer (visited)
   Lair: D:8-11

Altars:
Ashenzari
Cheibriados
Dithmenos
Fedhas
Gozag
Hepliaklqana
Kikubaaqudgha
Makhleb
Nemelex Xobeh
Okawaru
Qazlal
Ru
Sif Muna
Trog
Uskayaw
Vehumet
Wu Jian
Xom
Yredelemnul
Lugonu

Shops:
D:4 *   D:8 [   D:10 [(


Innate Abilities, Weirdness & Mutations

You are immune to poison.
Your flesh is cold resistant. (rC+)
You are immune to negative energy. (rN+++)
You are immune to unholy pain and torment.
You are vulnerable to heat. (rF-)
You are in touch with the powers of death.
You do not drink.


Message History

You block the manticore's attack.
You barely miss the manticore.
The manticore is heavily wounded.
You slash the manticore!
The manticore is severely wounded.
You hear a skittering sound.
The manticore bites you! The manticore claws you.
The manticore barely misses you.
A wolf spider comes into view.
You slash the manticore!
You kill the manticore!
Lugonu accepts your kill.
A two-headed ogre comes into view.
It is wielding a +0 giant spiked club and a +0 dire flail.
Okay, then.
Aiming: Charm
Press: ? - help, Shift-Dir - straight line, f - wolf spider
Aim: a wolf spider (chance to affect: 49%)
The wolf spider resists with some effort.
The wolf spider hits you!
* * * LOW HITPOINT WARNING * * *
The wolf spider closely misses you.
Aiming: Charm
Press: ? - help, Shift-Dir - straight line, f/p - wolf spider
Aim: a wolf spider (chance to affect: 49%)
The wolf spider resists with some effort.
The wolf spider closely misses you. x2; The wolf spider hits you!
* * * LOW HITPOINT WARNING * * *
The wolf spider bites you but does no damage.
Aiming: Charm
Press: ? - help, Shift-Dir - straight line, f/p - wolf spider
Aim: a wolf spider (chance to affect: 49%)
The wolf spider resists with some effort.
The wolf spider hits you.
* * * LOW HITPOINT WARNING * * *
The wolf spider bites you but does no damage.
Okay, then.
Press: ? - help, Shift-Dir - straight line, f/p - wolf spider
Aim: a wolf spider (chance to affect: 78%)
You fail to use your ability.
The wolf spider hits you.
You die...

..#.#. .# #.#..#..
#.....#.# #.8.....O
#.....# ## #.# ##.
#.# .. #s# #.####@##
#....#..# #<#.##.#
#. #.#.<#.###
#.###.#..#...#
##....÷...###.##
#..............#
#.........########
#................###


You could see a wolf spider.

Vanquished Creatures
  A boulder beetle (D:11)
  A two-headed ogre (D:8)
  Pikel (D:8)
  A cyclops (D:9)
  A manticore (D:11)
  3 centaur zombies (D:10)
  A gargoyle (D:9)
  An unseen horror (D:10)
  3 unseen horror zombies (D:10)
  5 slime creatures (D:11)
  A vampire (D:10)
  2 wraiths
  A shadow (D:11)
  A wyvern (D:11)
  An acid dragon (D:10)
  3 water moccasins
  5 orc warriors
  4 sky beasts
  2 ogres
  3 centaurs
  2 lemures (D:8)
  A phantom (D:4)
  4 bullfrogs
  3 kobold brigands
  4 necrophages
  2 scorpions
  14 wights
  3 howler monkeys (D:8)
  5 hounds
  A human zombie (D:10)
  A jelly (D:7)
  6 orc priests
  8 iguanas
  Terence (D:3)
  10 orc wizards
  A mummy (D:10)
  5 gnolls
  10 adders
  A white imp (D:5)
  An ufetubus (D:5)
  3 dart slugs
  25 orcs
  3 bats
  6 endoplasms
  9 giant cockroaches
  9 goblins
  9 hobgoblins
  16 kobolds
  7 quokkas
  10 ball pythons
  11 frilled lizards
  5 rats
237 creatures vanquished.

Vanquished Creatures (collateral kills)
  Harold (D:9)
  A gnoll sergeant (D:9)
  2 gnolls (D:9)
4 creatures vanquished.

Grand Total: 241 creatures vanquished

Notes
Turn   | Place    | Note
-------+----------+-------------------------------------------
     0 | D:1      | concernfroge the Mummy Monk began the quest for the Orb.
     0 | D:1      | Reached XP level 1. HP: 18/18 MP: 1/1
   179 | D:1      | Found a faded altar of an unknown god.
   277 | D:1      | Reached XP level 2. HP: 16/24 MP: 2/2
   326 | D:1      | Prayed at the altar of an unknown god.
   326 | D:1      | Became a worshipper of Lugonu the Unformed
   326 | D:1      | Reached * piety under Lugonu
   326 | D:1      | Reached ** piety under Lugonu
   326 | D:1      | Reached *** piety under Lugonu
  1143 | D:2      | Gained mutation: You are in touch with the powers of death.
                  | [Mummy growth]
  1143 | D:2      | Reached XP level 3. HP: 30/30 MP: 3/3
  1159 | D:2      | Reached **** piety under Lugonu
  1252 | D:2      | Found a broken altar of Ashenzari.
  1362 | D:2      | Identified the +2 trident "Rinwes" {freeze, Stlth+}
  1694 | D:3      | Noticed Terence
  1707 | D:3      | Killed Terence
  1708 | D:3      | Reached skill level 5 in Fighting
  1708 | D:3      | Reached XP level 4. HP: 9/39 MP: 4/4
  2049 | D:3      | You fall into a shaft and drop 3 floors!
  2061 | D:6      | Noticed a centaur
  2064 | D:6      | Noticed a bullfrog
  2273 | D:5      | Entered Level 5 of the Dungeon
  2539 | D:4      | Reached XP level 5. HP: 25/46 MP: 3/5
  2821 | D:4      | Found a glowing drain.
  2834 | Sewer    | Entered a sewer
  3168 | Sewer    | Reached XP level 6. HP: 38/55 MP: 6/6
  3191 | Sewer    | Identified 2 scrolls of acquirement
  3533 | D:4      | Found Qiukid's General Store.
  3538 | D:4      | Reached ***** piety under Lugonu
  3799 | D:4      | Reached XP level 7. HP: 40/62 MP: 7/7
  4060 | D:4      | Identified the ring of Cinaoc {*Corrode rPois Will+ Str+6
                  | Stlth+}
  4884 | D:5      | Reached XP level 8. HP: 67/72 MP: 8/8
  5130 | D:5      | Reached skill level 10 in Fighting
  5593 | D:6      | Found a staircase to the Ecumenical Temple.
  5599 | Temple   | Entered the Ecumenical Temple
  6042 | D:6      | Found a basalt altar of Yredelemnul.
  6043 | D:6      | Found a sacrificial altar of Ru.
  6395 | D:5      | Acquired 1006 gold pieces
  6397 | D:5      | Acquired a +3 vampiric lajatang
  6455 | D:6      | Reached skill level 1 in Staves
  6465 | D:6      | Reached skill level 2 in Staves
  7000 | D:7      | Reached skill level 3 in Staves
  7004 | D:7      | Reached XP level 9. HP: 77/78 MP: 9/9
  7049 | D:7      | Reached skill level 4 in Staves
  7393 | D:4      | Bought the ring "Wiawo" {MP+9 Dex+2 Slay+2} for 435 gold
                  | pieces
  7632 | D:7      | Reached skill level 5 in Staves
  7740 | D:8      | Reached skill level 6 in Staves
  8187 | D:8      | Noticed Pikel
  8203 | D:8      | Killed Pikel
  8204 | D:8      | Reached skill level 7 in Staves
  8393 | D:8      | Reached skill level 8 in Staves
  8393 | D:8      | Reached XP level 10. HP: 78/85 MP: 10/10
  8404 | D:8      | Found Ythessimn's Antique Armour Shop.
  8405 | D:8      | Noticed a two-headed ogre
  8413 | D:8      | Killed a two-headed ogre
  8968 | D:9      | Noticed Harold
  9491 | D:9      | Killed Harold
  9492 | D:9      | Reached skill level 9 in Staves
 10134 | D:10     | Entered Level 10 of the Dungeon
 10138 | D:10     | Found Mofiz's Antique Armour Boutique.
 10193 | D:10     | Found a shadowy altar of Dithmenos.
 10229 | D:10     | Reached skill level 10 in Staves
 10434 | D:10     | Found Xuinli's Weapon Shop.
 10451 | D:10     | Noticed a gargoyle
 10451 | D:10     | Noticed a cyclops
 10720 | D:9      | Killed a cyclops
 10834 | D:9      | Killed a gargoyle
 11062 | D:10     | Found a staircase to the Orcish Mines.
 11126 | D:10     | Noticed a two-headed ogre
 11144 | D:10     | Noticed a two-headed ogre
 11396 | D:10     | Found an ancient bone altar of Kikubaaqudgha.
 11410 | D:10     | Reached skill level 11 in Staves
 11421 | D:10     | Reached XP level 11. HP: 90/90 MP: 11/11
 11585 | D:11     | Reached skill level 12 in Staves
 11630 | D:11     | Noticed a boulder beetle
 11649 | D:11     | Killed a boulder beetle
 11784 | D:11     | Noticed a wolf spider
 11785 | D:11     | Noticed a two-headed ogre
 11791 | D:11     | HP: 1/90 [wolf spider (4)]
 11792 | D:11     | Slain by a wolf spider

Illustrated notes

Levels and vault maps discovered:
D:1:      shiori_arrival_maze, layout_loops_ring,
          shapermc_ecumenical_altar_mp_ritualfount, serial_bayou_lagoon_a
D:2:      layout_rooms, basic_altar
D:3:      layout_rooms, nicolae_overflow_hidden_temple, serial_glass,
          glass_columns_b, glass_columns_a, uniq_terence
D:4:      minmay_wonky_spiral, layout_basic, portal_sewer_entry_f, serial_shops,
          shop
D:5:      layout_basic, nrook_campfire
D:6:      layout_cave_pods, gammafunk_temple_overflow_pools,
          minmay_temple_entry_nine_rooms
D:7:      layout_rooms, grunt_decor_cap
D:8:      layout_basic, serial_shops, shop_statue, uniq_pikel
D:9:      layout_basic, lemuel_another_geyser, uniq_harold
D:10:     kennysheep_windowed_halls, layout_rooms,
          lemuel_mausoleum_altar_kikubaaqudgha, grunt_dithmenos_smoke,
          serial_shops, nicolae_shop_behind_doors, shop_statue, shop,
          nicolae_square_shop, lightli_fourway_metalbox
D:11:     minmay_complete_graph, layout_basic, dpeg_oklobed_lair
Temple:   minmay_crystal_spiral_temple

Skill      XL: |  1  2  3  4  5  6  7  8  9 10 11 |
---------------+----------------------------------+-----
Fighting       | 4 5 7 8 9 10 | 10.0
Polearms       | 4 |  4.9
Staves         | 3 8 11 12 | 12.6
Dodging        | |  2.4
Stealth        | |  1.5

Action                   |  1- 3 |  4- 6 |  7- 9 | 10-12 || total
-------------------------+-------+-------+-------+-------++-------
Melee: Spear             |    93 |       |       |       ||    93
       Trident           |    32 |   169 |   119 |       ||   320
       Punch             |     1 |     2 |     2 |       ||     5
       Lajatang          |       |       |   157 |   220 ||   377
 Fire: Arbalest          |       |    11 |    24 |       ||    35
Invok: Bend Space        |       |     2 |     1 |     1 ||     4
Evoke: Wand              |       |       |       |     4 ||     4
  Use: Scroll            |       |     7 |     4 |     8 ||    19
 Stab: Sleeping          |     5 |       |       |       ||     5
Armor: Robe              |     9 |       |       |       ||     9
       Scale mail        |    31 |       |       |       ||    31
       Chain mail        |       |    90 |   115 |   106 ||   311
Dodge: Dodged            |    59 |    81 |    87 |   103 ||   330
Block: Other             |       |       |    62 |    31 ||    93
       Reflection        |       |       |     5 |     1 ||     6

Table legend: (Time is in decaauts)
 A = Elapsed time spent in this place.
 B = Non-inter-level travel time spent in this place.
 C = Inter-level travel time spent in this place.
 D = Time resting spent in this place.
 E = Time spent auto-exploring this place.
 F = Levels seen in this place.
 G = Mean time per level.
                   A        B        C        D        E       F      G
               +--------+--------+--------+--------+--------+-----+--------+
         Total |  11960 |  11255 |    705 |   2301 |   6950 |  13 |  920.0 |
       Dungeon |  11018 |  10397 |    621 |   2301 |   6461 |  11 | 1001.6 |
        Temple |    211 |    127 |     84 |      0 |    112 |   1 |  211.0 |
         Sewer |    729 |    729 |      0 |      0 |    376 |   1 |  729.0 |
               +--------+--------+--------+--------+--------+-----+--------+

Top non-repeatable levels by time:
     D:6: 1644 daAuts
     D:9: 1610 daAuts
     D:4: 1465 daAuts
     D:8: 1438 daAuts
     D:5: 1185 daAuts
     D:1: 1137 daAuts
    D:10: 801 daAuts
   Sewer: 729 daAuts
     D:7: 533 daAuts
     D:3: 482 daAuts
     D:2: 441 daAuts
    D:11: 277 daAuts
  Temple: 211 daAuts
